 Dungeon Crawl Stone Soup version 0.27.0-1-g7a089689b8 (webtiles) character file.

Game seed: 11690274074990741533

69661 Armakuni the Frost Mage (level 14, 99/107 HPs)
             Began as a Green Draconian Conjurer on Aug 7, 2021.
             Was an Elder of Sif Muna.
             Quit the game on level 12 of the Dungeon on Aug 8, 2021.
             The game lasted 01:15:56 (23148 turns).

Armakuni the Frost Mage (Green Draconian Conjurer) Turns: 23148, Time: 01:15:57

Health: 99/107     AC: 16    Str:  9    XL:     14   Next: 91%
Magic:  23/30      EV: 12    Int: 22    God:    Sif Muna [****..]
Gold:   1679       SH:  8    Dex: 12    Spells: 16/38 levels left

rFire    + . .     SeeInvis .   a - staff of fire
rCold    + . .     Faith    .   e - +3 buckler {rC+}
rNeg     . . .     Spirit   .   (armour unavailable)
rPois    +         Reflect  .   B - +2 hat
rElec    .         Harm     .   g - +2 cloak
rCorr    .         Rampage  .   o - +1 pair of gloves
Will     +....                  E - +0 pair of boots
Stlth    ++........             M - amulet of regeneration
HPRegen  1.27/turn              L - ring of flight
MPRegen  0.22/turn              W - ring of wizardry

@: flying
A: breathe noxious fumes, AC +8, unfitting armour, stinger 1, poison resistance,
cold-blooded
a: Breathe Noxious Fumes, Renounce Religion, Channel Magic, Forget Spell, Divine
Exegesis


You were on level 12 of the Dungeon.
You worshipped Sif Muna.
Sif Muna was greatly pleased with you.
You visited 6 branches of the dungeon, and saw 22 of its levels.
You also visited: Ice Cave.

You collected 1896 gold pieces.
You spent 217 gold pieces at shops.

Inventory:

Hand Weapons
 j - a +1 demon trident of freezing
 w - a +1 long sword of flaming
Missiles
 z - 3 boomerangs of dispersal
 D - 6 throwing nets
Armour
 e - a +3 buckler of cold resistance (worn)
 g - a +2 cloak (worn)
 o - a +1 pair of gloves (worn)
 B - a +2 hat (worn)
 E - a +0 pair of boots (worn)
Magical Staves
 a - a staff of fire (weapon)
 b - a staff of cold
Jewellery
 F - a ring of protection from fire
 J - a ring of ice
 L - a ring of flight (left hand)
 M - an amulet of regeneration (around neck)
 W - a ring of wizardry (right hand)
Wands
 h - a wand of acid (9)
 t - a wand of flame (63)
 u - a wand of paralysis (7)
 v - a wand of charming (7)
 H - a wand of mindburst (20)
Scrolls
 d - 2 scrolls of teleportation
 k - 4 scrolls of identify
 n - 2 scrolls of fog
 p - 6 scrolls of amnesia
 y - 2 scrolls of noise
 G - a scroll of enchant weapon
 I - a scroll of brand weapon
 K - a scroll of vulnerability
 P - a scroll of magic mapping
Potions
 c - 3 potions of lignification
 f - 7 potions of heal wounds
 i - 3 potions of invisibility
 l - 5 potions of might
 m - 3 potions of magic
 q - 3 potions of flight
 r - a potion of berserk rage
 s - 6 potions of curing
 x - 4 potions of mutation
 C - 3 potions of haste
 N - a potion of ambrosia {unknown}
 O - a potion of cancellation {unknown}


   Skills:
 - Level 5.0 Fighting
 - Level 5.0 Staves
 - Level 1.7 Dodging
 - Level 1.7 Stealth
 - Level 4.0 Shields
 - Level 12.6 Spellcasting
 + Level 14.0 Conjurations
 - Level 4.0 Translocations
 - Level 14.7 Ice Magic
 - Level 10.0 Invocations
 - Level 5.0 Evocations


You had 16 spell levels left.
You knew the following spells:

 Your Spells              Type           Power      Damage    Failure   Level
c - Freezing Cloud        Conj/Ice/Air   27%        6-21      1%          5
m - Iskenderun's Mystic   Conj/Tloc      52%        2d11      1%          4
p - Fulminant Prism       Conj/Hex       22%        3d13      1%          4
r - Frozen Ramparts       Ice            100%       1d12      1%          3
s - Sticky Flame          Conj/Fire      61%        2d8       1%          4
z - Searing Ray           Conj           100%       3d7       0%          2

Your spell library contained the following spells:

 Spells                   Type           Power      Damage    Failure   Level
 Freeze                   Ice            100%       1d11      0%          1
 Magic Dart               Conj           100%       1d8       0%          1
 Beastly Appendage        Tmut           26%        N/A       1%          1
 Ensorcelled Hibernation  Hex/Ice        92%        N/A       1%          2
 Conjure Flame            Conj/Fire      61%        6-21      1%          3
 Dazzling Flash           Conj/Hex       88%        N/A       1%          3
 Gell's Gravitas          Tloc           15%        N/A       1%          3
 Teleport Other           Tloc           31%        N/A       1%          3
 Ice Form                 Ice/Tmut       46%        N/A       1%          4
 Summon Ice Beast         Ice/Summ       46%        N/A       1%          4
 Poisonous Vapours        Pois/Air       26%        N/A       2%          2
 Wereblood                Tmut           13%        N/A       2%          2
 Fireball                 Conj/Fire      30%        3d13      2%          5
 Metabolic Englaciation   Hex/Ice        23%        N/A       2%          5
 Ignite Poison            Fire/Tmut/Pois 20%        N/A       6%          3
 Conjure Ball Lightning   Conj/Air       22%        3x3d6     16%         6
 Starburst                Conj/Fire      30%        8x6d9     16%         6
 Alistair's Intoxication  Tmut/Pois      8%         N/A       43%         5
 Dispersal                Tloc           15%        N/A       45%         6
 Storm Form               Tmut/Air       6%         N/A       100%        7
 Ignition                 Fire           10%        3d5       100%        8


Dungeon Overview and Level Annotations

Branches:
Dungeon (12/15)            Temple (1/1) D:6            Lair (4/6) D:11
  Swamp (1/4) Lair:4        Snake (2/4) Lair:3          Orc (2/2) D:12
    Elf (0/3) Orc:2         IceCv (visited)

Altars:
Ashenzari
Cheibriados
Dithmenos
Elyvilon
Fedhas
Gozag
Hepliaklqana
Kikubaaqudgha
Makhleb
Nemelex Xobeh
Okawaru
Qazlal
Ru
Sif Muna
Trog
Uskayaw
Vehumet
Wu Jian
Xom
Yredelemnul
Zin
The Shining One
Beogh

Shops:
Orc:2 [(:(

Annotations:
Lair:1 2 transporters, Muddiusa's ghost, journeyman MfNe
Orc:1 3 runed translucent doors, Jisity's ghost, adept HuFi


Innate Abilities, Weirdness & Mutations

You can breathe blasts of noxious fumes.
Your lurid green scales are hard. (AC +8)
You cannot fit into any form of body armour.
Your tail ends in a poisonous barb.
Your system is resistant to poisons. (rPois)
You are cold-blooded and may be slowed by cold attacks.


Message History

The killer bee is heavily wounded. (Press . to maintain the ray.)
The killer bee misses you.
The killer bee stings you but does no damage.
The searing ray misses the killer bee.
The searing ray hits the killer bee!
The killer bee is almost dead.
You block the killer bee's attack.
A killer bee comes into view.
You block the killer bee's attack.
The searing ray hits the killer bee!
You kill the killer bee!
Sif Muna accepts your kill.
The searing ray hits the killer bee!
You kill the killer bee!
Sif Muna accepts your kill.
The searing ray hits the killer bee!
The killer bee is almost dead.
You finish channeling your searing ray.
You feel less invigorated.
Unknown command.
Aiming: Searing Ray (safe; 0% risk of failure)
Press: ? - help, Q - select action, (/) - cycle Shift-Dir - straight line, f - killer bee
Aim: a killer bee (almost dead, 65% to hit)
The searing ray hits the killer bee!
You kill the killer bee!
Sif Muna accepts your kill.
The searing ray hits the cyclops!
The cyclops is moderately wounded. (Press . to maintain the ray.)
The searing ray hits the cyclops!
The cyclops is heavily wounded.
The searing ray hits the cyclops!
The cyclops is severely wounded.
The cyclops hits you!
The searing ray hits the cyclops!
You kill the cyclops!
Sif Muna accepts your kill.
You finish channeling your searing ray.
Are you sure you want to abandon this character and quit the game? (Confirm with "yes".)
Okay, then.
Are you sure you want to abandon this character and quit the game? (Confirm with "yes".)

###.... ##.#...
.## ##....#
...## #.....#
....# #.....#
..[..#
###.....###....
##.#.....#.#....
##...##.#...(##
#.....###..@..#
#.....# #.....#
.#####.††..#
#.....#
.....#†...##
##○..## .#
#...#.## §#.##
.# ##.[### ☼§###
.# #..# [.§ .#
##.)### .... .#
#...#.##...#


There were no monsters in sight!

Vanquished Creatures
  A frost giant (IceCv)
  A stone giant (Orc:2)
  5 hydras
  A boulder beetle (Lair:3)
  2 ogre magi (Orc:2)
  Harold (D:9)
  An anaconda (Snake:1)
  2 centaur warriors (D:9)
  17 two-headed ogres
  5 death yaks
  Urug (D:12)
  An orc high priest (Orc:2)
  Sonja (Lair:1)
  2 deep trolls (Orc:2)
  A naga ritualist (Snake:1)
  Pikel (D:7)
  An orc knight (Orc:2)
  4 orc sorcerers
  4 ugly things
  3 cyclopes
  7 black mambas
  An ice statue (IceCv)
  9 elephants (Lair:2)
  5 cane toads
  Maggie (D:7)
  11 rime drakes
  3 komodo dragons
  2 meliai (D:12)
  11 trolls
  6 polar bears
  2 tyrant leeches (Lair:4)
  9 blink frogs
  2 hornets (D:9)
  A blink frog (shapeshifter) (D:10)
  A slime creature (D:12)
  5 dream sheep (Lair:4)
  A spriggan (D:7)
  6 wyverns
  A vampire (D:12)
  2 wraiths (D:12)
  39 yaks
  A basilisk (Lair:4)
  2 vampire mosquitoes (D:11)
  Menkaure (D:7)
  3 steam dragons
  2 swamp worms (Lair:4)
  5 wargs
  Duvessa (D:4)
  5 nagas (Lair:3)
  3 acid dragons
  6 water moccasins
  2 black bears
  An ice beast (D:8)
  13 orc warriors
  A sky beast (D:7)
  15 wolves
  23 ogres
  2 centaurs (D:9)
  2 lemures (D:7)
  A kobold brigand (D:11)
  3 scorpions
  18 bullfrogs
  A gnoll sergeant (D:6)
  A wyvern zombie (D:6)
  A wyvern skeleton (D:7)
  A water moccasin skeleton (D:5)
  Dowan (D:4)
  12 killer bees
  7 wights
  2 howler monkeys (D:9)
  3 centaur zombies
  A jelly (D:6)
  A gnoll shaman (D:8)
  2 hounds
  11 orc priests
  A centaur skeleton (D:6)
  Jessica (D:3)
  19 orc wizards
  A hound zombie (D:5)
  A hound skeleton (D:4)
  A howler monkey zombie (D:9)
  8 gnolls
  12 adders
  A white imp (D:5)
  A worm (D:3)
  53 orcs
  4 ball pythons
  9 bats
  7 endoplasms
  16 giant cockroaches
  4 goblins
  6 hobgoblins
  12 jackals
  3 quokkas
  4 frilled lizards
  13 kobolds
  2 rats
513 creatures vanquished.

Vanquished Creatures (others)
  40 fulminant prisms
  10 fungi
  14 plants
64 creatures vanquished.

Grand Total: 577 creatures vanquished

Notes
Turn   | Place    | Note
-------+----------+-------------------------------------------
     0 | D:1      | Armakuni the Draconian Conjurer began the quest for the
                  | Orb.
     0 | D:1      | Reached XP level 1. HP: 14/14 MP: 3/3
   253 | D:1      | Found a faded altar of an unknown god.
   886 | D:1      | Reached XP level 2. HP: 6/20 MP: 0/5
  1123 | D:2      | Learned a level 2 spell: Searing Ray
  1262 | D:2      | Reached XP level 3. HP: 26/26 MP: 1/7
  1723 | D:2      | Reached XP level 4. HP: 33/33 MP: 2/8
  1851 | D:2      | Reached skill level 5 in Conjurations
  2523 | D:3      | Found a basalt altar of Yredelemnul.
  2687 | D:3      | Noticed Jessica
  2735 | D:3      | Killed Jessica
  2736 | D:3      | Reached XP level 5. HP: 35/38 MP: 6/10
  3775 | D:4      | Learned a level 4 spell: Iskenderun's Mystic Blast
  3790 | D:4      | Learned a level 4 spell: Fulminant Prism
  3883 | D:4      | Noticed an ogre
  3890 | D:4      | Killed an ogre
  3992 | D:4      | Reached XP level 6. HP: 45/45 MP: 9/12
  4158 | D:4      | You fall into a shaft and drop 1 floor!
  4158 | D:5      | Entered Level 5 of the Dungeon
  4260 | D:4      | Found an opulent altar of Gozag.
  4524 | D:4      | Found an ornate altar of the Wu Jian Council.
  4526 | D:4      | Noticed Dowan
  4540 | D:4      | Killed Dowan
  4541 | D:4      | Reached skill level 5 in Spellcasting
  4578 | D:4      | Noticed Duvessa
  4589 | D:4      | Killed Duvessa
  4590 | D:4      | Your scales start taking on a lurid green colour.
  4590 | D:4      | Reached XP level 7. HP: 50/50 MP: 2/14
  4590 | D:4      | Gained mutation: Your system is resistant to poisons.
                  | (rPois) [Green Draconian growth]
  5475 | D:5      | Found a bloodstained altar of Trog.
  6170 | D:6      | Reached XP level 8. HP: 57/57 MP: 4/17
  6597 | D:6      | Found a staircase to the Ecumenical Temple.
  6617 | Temple   | Entered the Ecumenical Temple
  6909 | D:7      | Found an iron altar of Okawaru.
  7396 | D:7      | Found a shimmering blue altar of Sif Muna.
  7397 | D:7      | Found an ancient bone altar of Kikubaaqudgha.
  7398 | D:7      | Found a radiant altar of Vehumet.
  7403 | D:7      | Got Sif Muna's Papyrus of Transmigration
  7420 | D:7      | Became a worshipper of Sif Muna the Loreminder
  7446 | D:7      | Noticed Menkaure
  7449 | D:7      | Killed Menkaure
  7558 | D:7      | Noticed Maggie
  7558 | D:7      | Noticed Pikel
  7563 | D:7      | Killed Maggie
  7564 | D:7      | Reached XP level 9. HP: 60/62 MP: 15/21
  7565 | D:7      | Killed Pikel
  7707 | D:7      | Reached skill level 10 in Conjurations
  8426 | D:8      | Reached * piety under Sif Muna
  8482 | D:8      | Reached skill level 1 in Shields
  8996 | D:9      | Reached XP level 10. HP: 62/69 MP: 13/23
  9012 | D:9      | Noticed a green ugly thing
  9294 | D:9      | Reached skill level 1 in Invocations
  9491 | D:9      | Noticed Harold
  9549 | D:9      | Killed Harold
  9550 | D:9      | Reached skill level 5 in Invocations
  9901 | D:9      | Killed a green ugly thing
 10111 | D:9      | Noticed a centaur warrior
 10119 | D:9      | Killed a centaur warrior
 10259 | D:9      | Noticed a two-headed ogre
 10275 | D:9      | Killed a two-headed ogre
 10276 | D:9      | Reached skill level 10 in Spellcasting
 10276 | D:9      | Reached XP level 11. HP: 65/74 MP: 7/25
 10277 | D:9      | Noticed a two-headed ogre
 10295 | D:9      | Killed a two-headed ogre
 10593 | D:9      | Noticed a two-headed ogre
 10600 | D:9      | Killed a two-headed ogre
 10616 | D:9      | Reached ** piety under Sif Muna
 10828 | D:9      | Noticed a centaur warrior
 10841 | D:9      | Killed a centaur warrior
 10932 | D:10     | Entered Level 10 of the Dungeon
 11057 | D:10     | Found a shimmering altar of Xom.
 11059 | D:10     | Found a basalt altar of Yredelemnul.
 11059 | D:10     | Found a white marble altar of Elyvilon.
 11061 | D:10     | Found a burning altar of Makhleb.
 11061 | D:10     | Found a snail-covered altar of Cheibriados.
 11061 | D:10     | Found an ancient bone altar of Kikubaaqudgha.
 11249 | D:10     | Noticed a two-headed ogre
 11272 | D:10     | Killed a two-headed ogre
 11819 | D:11     | Noticed a two-headed ogre
 11829 | D:11     | Killed a two-headed ogre
 11925 | D:11     | Found a frozen archway.
 11936 | IceCv    | Entered an ice cave
 12122 | IceCv    | Noticed a death yak
 12127 | IceCv    | Noticed a death yak
 12135 | IceCv    | Killed a death yak
 12197 | IceCv    | Killed a death yak
 12198 | IceCv    | Reached XP level 12. HP: 49/81 MP: 12/27
 12400 | IceCv    | Reached skill level 10 in Invocations
 12927 | IceCv    | Noticed a death yak
 12936 | IceCv    | Noticed a frost giant
 12937 | IceCv    | Killed a death yak
 12973 | IceCv    | Killed a frost giant
 13302 | D:11     | Learned a level 4 spell: Sticky Flame
 13569 | D:11     | Found a staircase to the Lair.
 13629 | D:11     | Noticed a two-headed ogre
 13636 | D:11     | Killed a two-headed ogre
 14156 | D:11     | Found a hide-covered altar of Uskayaw.
 14160 | D:11     | Reached *** piety under Sif Muna
 14441 | Lair:1   | Entered Level 1 of the Lair of Beasts
 14727 | Lair:1   | Found a transporter.
 14732 | Lair:1   | Noticed Muddiusa's ghost (journeyman MfNe)
 14758 | Lair:1   | Found a transporter.
 15139 | Lair:2   | Learned a level 3 spell: Frozen Ramparts
 15160 | Lair:2   | Noticed a four-headed hydra
 15171 | Lair:2   | Killed a four-headed hydra
 15362 | Lair:2   | Reached XP level 13. HP: 73/86 MP: 16/29
 15712 | Lair:1   | Noticed Sonja
 15718 | Lair:1   | Killed Sonja
 15719 | Lair:1   | Reached skill level 5 in Ice Magic
 15788 | Lair:1   | You are sucked into a shaft and drop 1 floor!
 16053 | Lair:2   | Reached **** piety under Sif Muna
 16699 | Lair:3   | Reached skill level 1 in Translocations
 17094 | Lair:3   | Found a staircase to the Snake Pit.
 17132 | Snake:1  | Entered Level 1 of the Snake Pit
 17154 | Snake:1  | Reached skill level 1 in Fighting
 17154 | Snake:1  | Reached skill level 1 in Staves
 17154 | Snake:1  | Reached skill level 1 in Evocations
 17876 | Lair:3   | Got the Papyrus of Feathery Dislocation
 18720 | Lair:4   | Reached ***** piety under Sif Muna
 19318 | Lair:4   | Reached skill level 5 in Fighting
 19459 | Lair:4   | Received a gift from Sif Muna
 19460 | Lair:4   | Got Sif Muna's Collected Works on Snow {god gift}
 19481 | Lair:4   | Gained mutation: Your tail ends in a poisonous barb. [Green
                  | Draconian growth]
 19481 | Lair:4   | Reached XP level 14. HP: 70/107 MP: 16/30
 19703 | Lair:4   | Found a staircase to the Swamp.
 19730 | Swamp:1  | Entered Level 1 of the Swamp
 19823 | Lair:2   | Reached skill level 5 in Staves
 19827 | Lair:2   | Reached skill level 5 in Evocations
 20157 | Lair:1   | Got the Volume of the Voyage and Transmutation
 20410 | Lair:1   | Reached skill level 10 in Ice Magic
 20416 | Lair:1   | Learned a level 5 spell: Freezing Cloud
 20568 | D:12     | Noticed Urug
 20577 | D:12     | Killed Urug
 20960 | D:12     | Found a staircase to the Orcish Mines.
 20979 | Orc:1    | Entered Level 1 of the Orcish Mines
 21540 | Orc:1    | Found a runed translucent gate.
 21540 | Orc:1    | Found a runed translucent gate.
 21542 | Orc:1    | Noticed Jisity's ghost (adept HuFi)
 21553 | Orc:1    | Found a runed translucent gate.
 21823 | Orc:2    | Entered Level 2 of the Orcish Mines
 21823 | Orc:2    | Found a staircase to the Elven Halls.
 22508 | Orc:2    | Found Muovupri's Antique Armour Emporium.
 22516 | Orc:2    | Noticed a stone giant
 22522 | Orc:2    | Killed a stone giant
 22680 | Orc:2    | Found Ciutzihy's Antique Weapon Boutique.
 22684 | Orc:2    | Found Qodarchas's Book Shoppe.
 22685 | Orc:2    | Found Pehacinu's Weapon Emporium.
 22807 | Orc:2    | Bought an embroidered cloak for 217 gold pieces
 23148 | D:12     | Quit the game

Illustrated notes

Levels and vault maps discovered:
D:1:      lightli_arrival_statue_moat, layout_loops_ring,
          hellmonk_ecumenical_altar_leap_of_faith
D:2:      minmay_roachtagon, layout_basic
D:3:      layout_basic, mainiacjoe_overflow_cross_hatched, uniq_jessica
D:4:      layout_loops_ring, nzn_wu_jian_contemplation,
          nicolae_gozag_seed_capital, uniq_duvessa
D:5:      layout_gridville, general_overflow_altar
D:6:      layout_rooms, minmay_temple_entry_grid
D:7:      layout_basic, grunt_temple_overflow_magic_moments, marbit_many_paths,
          minmay_misc_feat_chi, mrwooster_statue_mirror, the_hattery,
          uniq_maggie, uniq_menkaure, uniq_pikel
D:8:      layout_loops_cross, wad_floor_pattern_untrapped
D:9:      nzn_winding_woodlands_medium [nzn_winding_woodlands_5x5_checkerboard,
          nzn_winding_woodlands_5x15_zeroes, nzn_winding_woodlands_5x5_cross,
          nzn_winding_woodlands_5x5_three,
          nzn_winding_woodlands_center_pierced_h,
          nzn_winding_woodlands_hourglass, nzn_winding_woodlands_5x5_perimeter,
          nzn_winding_woodlands_5x15_default,
          nzn_winding_woodlands_5x5_open_star], layout_grid_maze, uniq_harold
D:10:     layout_rooms, doesnt_xom_only_xom, serial_park_tiny_pond,
          item_on_display_a
D:11:     layout_loops_ring, erik_lair_orcish_takeover,
          portal_ice_cave_entry_pillars_1, nicolae_uskayaw_dance_studio
D:12:     regret_index_combs_of_tragedy, layout_loops_ring, orc_0_dummy,
          uniq_urug
Temple:   cyrus_circular_temple
Lair:1:   layout_cave_pods, gammafunk_ghost_berserking_beasts, uniq_sonja
Lair:2:   layout_cave_pods
Lair:3:   layout_regular_city, minmay_snake_entry_guardpost_medium
Lair:4:   layout_long_grid, palyth_hydra_swamp_entry, beast_lair_carwin_5,
          grunt_megastairs_3, lemuel_fruit_tree
Swamp:1:  layout_basic_swamp, evilmike_swamp_ruin_rubble_1, swamp_pool2,
          infiniplex_staircase_pool_2, uniq_donald, uniq_jorgrun
Snake:1:  layout_onion_interference, nicolae_snake_gridmaze_entwining,
          nicolae_snake_gridmaze_swirls, uniq_asterion, uniq_aizul
Snake:2:  layout_rooms, serial_shops, shop_statue
Orc:1:    layout_caves, gammafunk_ghost_split, lightli_orcish_oven
Orc:2:    st_orc_open, layout_diamond_mine, basic_altar

Skill      XL: |  1  2  3  4  5  6  7  8  9 10 11 12 13 14 |
---------------+-------------------------------------------+-----
Spellcasting   | 3 4 5 6 8 9 10 11 12 | 12.6
Conjurations   | 5 6 7 9 10 11 12 13 14 | 14.0
Shields        | 4 |  4.0
Invocations    | 7 9 10 | 10.0
Ice Magic      | 4 8 14 | 14.7
Translocations | 4 |  4.0
Fighting       | 5 |  5.0
Staves         | 4 5 |  5.0
Evocations     | 4 5 |  5.0
Dodging        | |  1.7
Stealth        | |  1.7

Action                   |  1- 3 |  4- 6 |  7- 9 | 10-12 | 13-15 || total
-------------------------+-------+-------+-------+-------+-------++-------
Melee: Unarmed           |    33 |       |       |       |       ||    33
       Tailslap          |     4 |     3 |       |       |    10 ||    17
       Staff             |       |    20 |     7 |    10 |    57 ||    94
       Trident           |       |       |     9 |    12 |       ||    21
Throw: Dart              |    17 |       |       |       |       ||    17
 Cast: Magic Dart        |    20 |       |       |       |       ||    20
       Searing Ray       |    13 |    52 |    61 |   114 |   137 ||   377
       Iskenderun's Myst |       |       |       |    28 |    37 ||    65
       Fulminant Prism   |       |       |       |    31 |     9 ||    40
       Frozen Ramparts   |       |       |       |     1 |    32 ||    33
       Sticky Flame      |       |       |       |       |     7 ||     7
       Freezing Cloud    |       |       |       |       |    28 ||    28
Invok: Channel Magic     |       |       |       |     5 |     6 ||    11
 Abil: Breathe Noxious F |       |       |    10 |    19 |     6 ||    35
Evoke: Wand              |       |     5 |     5 |    20 |    12 ||    42
  Use: Scroll            |     1 |     6 |    13 |     7 |     5 ||    32
       Potion            |       |       |       |     1 |       ||     1
 Stab: Paralysed         |       |    11 |       |       |       ||    11
Armor: Skin              |    27 |    13 |    28 |    83 |   101 ||   252
Dodge: Dodged            |    51 |    29 |    43 |    99 |   136 ||   358
Block: Buckler           |       |       |       |    61 |    84 ||   145
